Map: King Sejong Station LE

Players

CNiklo - Winner!

  • Race: Terran Terran
  • League: Diamond

blackxored

  • Race: Zerg Zerg
  • League: Diamond

VOD

Have the link to the VOD?

Description

Time

  • Played on: June 30, 2016, 2:18 p.m.
  • Length: 19:53
Show
View Real Time Build Order
Export as new Build Order

CNiklo Terran - Winner!

Build Orders: Bio Mine 

Get SALT Encoding   

  12  0:02  SCV  
  13  0:14  SCV  
  13  0:18  Supply Depot  
  14  0:26  SCV  
  15  0:40  SCV  
  15  0:41  Barracks  
  16  0:47  Refinery  
  16  0:52  SCV  
  17  1:04  SCV  
  18  1:16  SCV  
  19  1:28  Orbital Command  
  19  1:30  Barracks Reactor  
  19  1:42  Command Center  
  19  1:52  Supply Depot  
  19  1:55  SCV  
  20  2:06  Marine  
  20  2:07  Marine, SCV  
  23  2:16  Factory  
  23  2:20  SCV  
  24  2:24  Marine x2  
  24  2:29  Refinery  
  26  2:32  SCV  
  27  2:42  Marine x2  
  29  2:44  SCV  
  30  2:53  Orbital Command  
  30  2:57  SCV  
  31  3:00  Marine x2  
  31  3:01  Starport  
  31  3:02  Factory Reactor  
  33  3:11  SCV  
  34  3:18  Supply Depot, Marine x2  
  36  3:24  SCV  
  36  3:25  SCV  
  38  3:36  Marine x2, SCV  
  38  3:37  SCV  
  42  3:46  Medivac  
  42  3:47  Medivac  
  42  3:48  Widow Mine  
  48  3:49  SCV  
  48  3:50  SCV  
  48  3:53  Marine  
  48  3:54  Marine  
  52  4:04  SCV x2  
  54  4:17  Supply Depot x2  
  54  4:18  Factory Tech Lab  
  54  4:23  Barracks  
  54  4:34  Barracks  
  54  4:38  Marine x2, SCV x2  
  54  4:40  Bunker  
  54  4:43  Engineering Bay  
  58  4:50  SCV  
  59  4:56  Marine x2  
  55  5:14  Marine x2  
  53  5:25  Command Center  
  53  5:26  Medivac x2  
  55  5:30  Barracks  
  55  5:32  Marine  
  55  5:33  Engineering Bay, Barracks  
  56  5:36  Engineering Bay  
  56  5:49  Supply Depot x2  
  54  5:51  SCV x2  
  54  5:53  Refinery  
  54  5:54  Refinery  
  56  5:57  Stimpack  
  56  6:01  Terran Infantry Weapons Level 1, Terran Infantry Armor Level 1  
  56  6:03  SCV  
  57  6:04  Barracks Tech Lab  
  57  6:06  SCV  
  58  6:15  SCV  
  58  6:18  SCV  
  60  6:24  Barracks Reactor x2  
  60  6:25  Combat Shields  
  60  6:27  SCV  
  60  6:30  SCV, Missile Turret  
  60  6:34  Missile Turret  
  60  6:35  Supply Depot  
  60  6:36  Supply Depot  
  60  6:37  Medivac x2  
  60  6:38  Orbital Command  
  60  6:39  SCV  
  65  6:42  SCV  
  66  6:51  SCV  
  66  6:53  Armory  
  69  6:54  Marine x2, Marauder x2, SCV  
  74  7:01  Marine  
  74  7:02  Marine x3  
  74  7:03  SCV  
  79  7:11  SCV  
  79  7:12  Marine x2  
  79  7:15  Marine x2, SCV  
  83  7:16  Orbital Command  
  83  7:19  Marine x2  
  87  7:27  Marine x2  
  87  7:29  Medivac x2  
  93  7:30  Marine  
  93  7:32  SCV  
  93  7:33  Supply Depot, Bunker, Marauder x2  
  93  7:34  SCV  
  93  7:35  Supply Depot  
  100  7:41  Marine  
  100  7:42  Marine  
  100  7:43  Marine  
  103  7:55  Marauder x2  
  107  7:58  Supply Depot  
  107  7:59  SCV  
  107  8:00  SCV x2  
  107  8:01  Supply Depot  
  110  8:08  Missile Turret  
  110  8:11  SCV  
  111  8:15  Terran Infantry Weapons Level 2  
  111  8:16  Terran Infantry Armor Level 2  
  111  8:18  Concussive Shells  
  111  8:19  Marine, Marauder x2  
  115  8:20  SCV x2  
  118  8:28  Marine  
  118  8:29  Marine x2  
  118  8:31  Marine  
  122  8:40  Marauder x2  
  126  8:44  Marine x2  
  126  8:46  Marine x2  
  126  8:47  Marine  
  131  8:55  Barracks  
  131  8:56  Barracks  
  131  8:57  Barracks, Factory Tech Lab  
  131  8:58  Factory  
  131  9:01  Marauder  
  131  9:02  Marauder, Terran Vehicle And Ship Armor Level 1  
  135  9:03  Factory Tech Lab  
  135  9:07  Refinery  
  135  9:11  Command Center  
  135  9:14  Refinery  
  135  9:16  Marine x2  
  135  9:17  Marine x3  
  137  9:21  Marine  
  137  9:23  Medivac x2, Marauder x2  
  147  9:34  Marine  
  146  9:44  Marauder x2  
  148  10:12  Supply Depot x2  
  148  10:13  Supply Depot x2  
  148  10:14  Supply Depot  
  148  10:15  Supply Depot  
  148  10:16  Barracks Reactor, Barracks Tech Lab x2  
  148  10:17  Supply Depot  
  148  10:23  Medivac x2  
  147  10:40  Marine x4, Marauder x2  
  147  10:41  Marine, Marauder x2  
  147  10:42  Factory Reactor  
  160  10:46  Terran Infantry Weapons Level 3, Drilling Claws  
  160  10:53  Medivac x2, Terran Infantry Armor Level 3  
  164  11:02  Marauder  
  170  11:04  Marine, Marauder x3  
  173  11:24  Marine x3  
  173  11:25  Marine x3, Marauder x2  
  182  11:26  Marine  
  182  11:29  SCV x3  
  188  11:41  SCV  
  188  11:52  Missile Turret  
  182  11:59  Marine x2, Marauder  
  182  12:00  Marauder  
  161  12:05  Planetary Fortress  
  161  12:10  Marine x3, Marauder  
  161  12:11  Marine x2  
  161  12:14  Missile Turret  
  147  12:37  Missile Turret  
  147  12:38  Missile Turret  
  145  12:49  Marine x5  
  145  12:50  Marine x7  
  138  13:07  Marine x3, Widow Mine  
  138  13:08  Widow Mine x2  
  147  13:17  Missile Turret x2  
  146  13:21  Missile Turret  
  145  13:30  Marine  
  145  13:31  Marine x4  
  150  13:36  Widow Mine x2  
  150  13:37  Widow Mine  
  156  13:44  Hi-Sec Auto Tracking  
  149  14:04  Widow Mine  
  149  14:05  Widow Mine x2  
  155  14:20  Marine  
  155  14:21  Marine x8  
  165  14:29  Marine  
  165  14:33  Widow Mine x2  
  165  14:34  Widow Mine  
  167  14:44  Marine x2, Marauder  
  167  14:45  Marine x2, Marauder x2  
  173  14:46  Barracks Reactor  
  173  14:48  Barracks Reactor  
  174  15:02  Widow Mine  
  174  15:05  Widow Mine x2  
  180  15:08  Orbital Command  
  180  15:10  Orbital Command  
  180  15:13  Missile Turret  
  180  15:14  Orbital Command  
  180  15:15  Missile Turret  
  180  15:30  Widow Mine  
  180  15:33  Widow Mine  
  180  15:34  Widow Mine  
  134  15:55  Marine x2, Marauder x2  
  134  15:56  Marine x9  
  141  15:59  Widow Mine  
  141  16:02  Widow Mine x2  
  137  16:13  Marine x7  
  137  16:14  Marine x3, Marauder  
  137  16:16  Marine x2  
  149  16:28  Widow Mine  
  149  16:30  Widow Mine  
  149  16:31  Marine  
  149  16:32  Marine x3  
  157  16:34  Marauder x2  
  157  16:35  Widow Mine  
  157  16:36  Marauder  
  163  16:54  Marine x3  
  163  16:55  Marine x2  
  163  16:56  Marauder x2, Widow Mine  
  163  16:57  Marauder  
  163  16:59  Widow Mine  
  169  17:17  Marauder x2  
  169  17:21  Marine x2, Marauder  
  172  17:39  Marauder  
  135  17:58  Marine, Marauder x2  
  135  17:59  Marine x8  
  135  18:00  Marauder  
  135  18:02  Medivac x2  
  148  18:14  Marine  
  148  18:16  Marine  
  148  18:17  Marine x3  
  157  18:20  Marauder x2  
  157  18:21  Marauder  
  157  18:25  Marine  
  156  18:32  Medivac x2  
  160  18:37  Marine x3  
  160  18:40  Siege Tank  
  168  18:41  Marauder x2, Widow Mine  
  168  18:43  Marauder  
  164  19:02  Marauder  
  154  19:17  Widow Mine x3  
Show
View Real Time Build Order
Export as new Build Order

blackxored Zerg 

Build Orders: Hatch First 

Get SALT Encoding   

  12  0:01  Drone  
  13  0:08  Drone  
  14  0:18  Overlord  
  14  0:24  Extractor  
  14  0:25  Drone  
  15  0:39  Drone  
  15  0:40  Drone  
  17  1:00  Hatchery  
  17  1:03  Drone  
  17  1:04  Drone  
  17  1:09  Drone  
  19  1:17  Extractor  
  18  1:19  Spawning Pool  
  18  1:21  Drone  
  18  1:27  Drone  
  19  1:38  Overlord  
  19  1:52  Drone  
  20  2:06  Queen  
  20  2:07  Zergling x2  
  23  2:10  Drone  
  23  2:12  Queen  
  23  2:13  Zergling x2  
  27  2:21  Zergling x2  
  28  2:33  Drone x2  
  28  2:35  Drone  
  31  2:37  Hatchery  
  31  2:42  Overlord  
  30  2:50  Pneumatized Carapace  
  30  2:52  Drone  
  30  2:55  Drone  
  30  2:56  Drone  
  33  3:04  Queen  
  35  3:09  Drone x2  
  37  3:14  Overlord  
  37  3:26  Zergling x10  
  42  3:39  Drone  
  42  3:40  Drone x3  
  46  3:44  Overlord  
  46  3:59  Drone x6  
  46  4:00  Baneling Nest  
  46  4:02  Queen  
  53  4:05  Queen  
  55  4:17  Metabolic Boost  
  55  4:24  Queen  
  57  4:37  Queen  
  59  4:44  Baneling  
  59  4:45  Baneling x4  
  59  4:47  Zergling x14  
  50  5:09  Zergling x16  
  50  5:10  Zergling x4  
  54  5:15  Zergling x2  
  54  5:19  Queen x2  
  49  5:51  Spore Crawler  
  49  5:52  Drone x9  
  49  5:56  Lair  
  57  6:06  Extractor, Drone x2  
  57  6:07  Drone  
  57  6:09  Extractor  
  58  6:13  Drone x2  
  59  6:28  Drone x6  
  59  6:31  Overlord x3  
  65  6:37  Evolution Chamber  
  65  6:38  Drone  
  65  6:39  Drone, Evolution Chamber  
  65  6:40  Extractor, Drone  
  65  6:53  Drone x4  
  69  6:57  Centrifical Hooks  
  69  6:58  Drone x2  
  69  7:00  Drone  
  72  7:04  Drone x5  
  77  7:08  Queen  
  77  7:10  Drone  
  77  7:12  Baneling x3  
  77  7:13  Baneling  
  80  7:19  Drone x3  
  83  7:30  Zerg Melee Weapons Level 1  
  83  7:31  Zerg Ground Armor Level 1  
  83  7:34  Extractor, Drone x3, Hatchery  
  83  7:36  Drone  
  85  7:37  Extractor  
  85  7:38  Drone x2  
  85  7:39  Drone  
  85  7:41  Drone  
  88  7:49  Drone  
  89  7:51  Hatchery  
  89  7:56  Zergling x2  
  89  7:57  Zergling x2  
  89  7:58  Overlord x3  
  90  8:05  Spire  
  89  8:07  Overseer  
  89  8:16  Zergling x14  
  89  8:18  Baneling x10  
  96  8:31  Zergling x12  
  96  8:32  Zergling x4  
  104  8:41  Zergling x6  
  107  8:47  Overlord x4  
  107  8:56  Drone x2  
  107  8:57  Queen  
  107  9:00  Baneling x8  
  107  9:01  Baneling x4  
  111  9:05  Zergling x20  
  111  9:06  Zergling x2  
  122  9:10  Zergling x4  
  125  9:17  Zergling x8  
  120  9:45  Zergling x32  
  131  9:48  Zerg Flyer Armor Level 1  
  131  9:52  Drone x5  
  133  10:00  Zerg Ground Armor Level 2, Zerg Melee Weapons Level 2  
  133  10:05  Infestation Pit  
  132  10:15  Drone  
  133  10:21  Hatchery  
  133  10:23  Zergling x2  
  133  10:24  Extractor  
  133  10:26  Extractor  
  129  10:41  Mutalisk x2  
  133  10:48  Overlord x3  
  133  10:49  Hive  
  132  11:11  Extractor  
  132  11:12  Extractor, Mutalisk x5  
  132  11:13  Mutalisk x7  
  132  11:14  Mutalisk  
  156  11:38  Drone  
  157  11:41  Overlord x4  
  157  11:42  Hatchery  
  149  11:57  Mutalisk  
  149  11:58  Mutalisk x4  
  147  12:04  Drone x14  
  135  12:22  Zergling x44  
  150  12:30  Ultralisk Cavern  
  147  12:41  Zerg Melee Weapons Level 3, Zerg Ground Armor Level 3  
  147  12:43  Adrenal Glands  
  147  12:46  Hatchery  
  147  12:51  Zergling x26  
  147  12:53  Baneling x8  
  153  13:25  Drone  
  153  13:26  Drone x5  
  157  13:29  Chitinous Plating  
  157  13:30  Ultralisk x2  
  170  13:48  Zergling x12  
  170  13:50  Baneling  
  170  13:51  Baneling x3  
  170  13:52  Baneling  
  170  13:53  Baneling  
  170  13:54  Baneling  
  170  13:55  Baneling x2  
  173  13:56  Baneling  
  173  13:58  Hatchery  
  170  14:08  Zergling x14  
  169  14:19  Drone x7  
  176  14:26  Zergling x10  
  176  14:29  Baneling x2  
  173  14:40  Extractor  
  173  14:42  Extractor  
  161  14:47  Zergling x14  
  161  14:48  Ultralisk  
  174  14:56  Drone x5  
  174  14:57  Drone  
  180  15:10  Mutalisk  
  180  15:13  Zergling x4  
  184  15:15  Baneling  
  184  15:16  Baneling x3, Hatchery  
  184  15:17  Baneling x2  
  183  15:24  Mutalisk x2  
  183  15:25  Mutalisk  
  189  15:32  Baneling x2  
  189  15:33  Baneling x2  
  161  15:44  Ultralisk  
  161  15:45  Ultralisk  
  161  15:48  Zergling x2  
  161  15:49  Zergling x10  
  157  15:53  Zergling x6  
  153  15:59  Overseer  
  153  16:03  Zergling x16  
  129  16:12  Zergling x2  
  129  16:13  Zergling x12  
  117  16:28  Ultralisk  
  115  16:33  Baneling x17  
  115  16:35  Baneling  
  113  16:42  Spore Crawler  
  102  16:49  Mutalisk  
  102  17:15  Zergling x14  
  108  17:27  Overseer  
  104  17:37  Zergling x2  
  104  17:41  Hatchery  
  104  17:43  Spore Crawler  
  85  17:54  Zergling x4  
  85  17:55  Zergling x8  
  90  18:05  Zergling x8  
  91  18:31  Ultralisk  
  97  18:47  Overseer  
  92  18:48  Overseer  
  75  19:06  Zergling x22  
  75  19:17  Zergling x2  
  75  19:18  Zergling x2  
  76  19:27  Zergling x2  
Tags
 
Add a new tag
Caveats
  • Supply blocks, unpowered buildings, or Contaminate may cause inaccurate times.
  • Supply counts are checked every 10 seconds.